 Dungeon Sprint DCSS version 0.31-a0-931-g7b59d4eb97 (webtiles) character file.

Game seed: 6413273437308617188

519 rocky1 the Grappler (level 12, -9/96 HPs)
             Began as a Gnoll Shapeshifter on Oct 19, 2023.
             Was an Initiate of Gozag.
             Mangled by an iron troll (29 damage)
             ... in the Dungeon (Sprint VI: "Thunderdome") on Oct 20, 2023.
             The game lasted 00:08:10 (895 turns).

rocky1 the Grappler (Gnoll Shapeshifter)             Turns: 895, Time: 00:08:11

Health: -9/96      AC:  4    Str: 14    XL:     12   Next: 7%
Magic:  34/34      EV: 20    Int:  9    God:    Gozag
Gold:   160        SH:  0    Dex: 12    Spells: 25/29 levels left

rFire   + +          .
                       - Unarmed
rCold   + + +        (no shield)
rNeg    . . .        p - +0 troll leather armour
rPois   .            (helmet currently unavailable)
rElec   +            (cloak currently unavailable)
rCorr   +            (gloves currently unavailable)
SInv    .            (boots currently unavailable)
Will    .....        e - amulet "Pais" {RegenMP rCorr}
Stlth   ++++         m - ring "Muogrem" {rElec rF+ rC+++ MP+9 Int-5}
HPRegen 1.16/turn    o - ring "Axkeet" {rF+ EV+5}
MPRegen 0.64/turn

%: no teleportation
@: beast-form
A: beast (slay +4), fangs 1, strong nose, distributed training
}: 1/15 runes: decaying
a: Begin Untransformation, Renounce Religion, Potion Petition, Call Merchant,
Bribe Branch


You were in the Dungeon.
You worshipped Gozag.
Gozag was aware of your devotion.
You were a hulking beast.
You visited 1 branch You collected 2146 gold pieces.
You spent 1986 gold pieces at shops.

Inventory:

Armour
 a - a +0 animal skin
 p - a +0 troll leather armour (worn)
Jewellery
 e - the amulet "Pais" (around neck) {RegenMP rCorr}
   (You bought it in a shop in the Dungeon)

   [amulet of magic regeneration]

   RegenMP:   It increases your rate of magic regeneration.
   rCorr:     It protects you from acid and corrosion.
 m - the ring "Muogrem" (left hand) {rElec rF+ rC+++ MP+9 Int-5}
   (You bought it in a shop in the Dungeon)

   [ring of magical power]

   Int-5:     It affects your intelligence (-5).
   rF+:       It protects you from fire.
   rC+++:     It renders you almost immune to cold.
   rElec:     It insulates you from electricity.
   MP+9:      It affects your magic capacity (+9).
 o - the ring "Axkeet" (right hand) {rF+ EV+5}
   (You bought it in a shop in the Dungeon)

   [ring of evasion]

   EV+5:      It affects your evasion (+5).
   rF+:       It protects you from fire.
Talismans
 c - a beast talisman (active)
 d - a flux talisman
 s - a granite talisman
Wands
 l - a wand of acid (1) (quivered)
Scrolls
 j - 4 scrolls of blinking
 n - 2 scrolls of fog
Potions
 b - a potion of lignification
 f - 2 potions of heal wounds
 g - 4 potions of haste
 h - 2 potions of magic
 k - a potion of resistance
 q - 5 potions of attraction
 r - 3 potions of curing
Miscellaneous
 i - a phantom mirror


   Skills:
 + Level 9.5 Fighting
 + Level 9.1 Short Blades
 + Level 9.1 Long Blades
 + Level 9.1 Axes
 + Level 9.1 Maces & Flails
 + Level 9.1 Polearms
 + Level 9.1 Staves
 + Level 9.1 Ranged Weapons
 + Level 9.1 Throwing
 + Level 9.1 Armour
 + Level 10.3 Dodging
 + Level 9.1 Stealth
 + Level 9.1 Shields
 + Level 11.2 Unarmed Combat
 + Level 9.1 Spellcasting
 + Level 7.6 Conjurations
 + Level 7.6 Hexes
 + Level 7.6 Summonings
 + Level 7.6 Necromancy
 + Level 7.6 Translocations
 + Level 7.6 Transmutations
 + Level 7.6 Fire Magic
 + Level 7.6 Ice Magic
 + Level 7.6 Air Magic
 + Level 7.6 Earth Magic
 + Level 7.6 Poison Magic
 + Level 10.0 Invocations
 + Level 9.1 Evocations
 + Level 10.6 Shapeshifting


You had 25 spell levels left.
You knew the following spells:

 Your Spells              Type           Power      Damage    Failure   Level
a - Iskenderun's Mystic   Conj/Tloc      17%        2d5       9%          4

Your spell library contained the following spells:

 Spells                   Type           Power      Damage    Failure   Level
 Volatile Blastmotes      Fire/Tloc      34%        2d12      2%          3
 Fulminant Prism          Conj/Hex       8%         3d6       9%          4


Dungeon Overview and Level Annotations

Branches:
Dungeon (1/1)

Altars:
Cheibriados
Dithmenos
Fedhas
Gozag
Kikubaaqudgha
Makhleb
Okawaru
Qazlal
Ru
Sif Muna
Trog
Uskayaw
Vehumet
Wu Jian
Xom
Yredelemnul
Zin
The Shining One
Lugonu

Shops:
D *[=??*?*:[((!!!!


Innate Abilities, Weirdness & Mutations

You are a hulking beast.
Your limbs bulge with bestial killing power. (Slay +4)
You have very sharp teeth.
Your uncanny sense of smell can sniff out nearby items.
Your experience applies equally to all skills.


Message History

The iron troll bites you!!
* * * LOW HITPOINT WARNING * * *
The iron troll misses you. The iron troll barely misses you.
You hit the iron troll.
You bite the iron troll, but do no damage.
The iron troll is moderately wounded.
You feel much better. The iron troll barely misses you.
The iron troll claws you! The iron troll misses you.
You punch the iron troll!
You punch the iron troll, but do no damage.
The iron troll is moderately wounded.
You completely miss the iron troll.
You punch the iron troll, but do no damage.
You bite the iron troll, but do no damage.
The iron troll is moderately wounded.
The iron troll barely misses you. The iron troll claws you! x2
* * * LOW HITPOINT WARNING * * *
You punch the iron troll!
You punch the iron troll, but do no damage.
The iron troll is moderately wounded.
The iron troll barely misses you. x2; The iron troll closely misses you.
You hit the iron troll but do no damage.
You punch the iron troll, but do no damage.
The iron troll is moderately wounded.
You feel much better. The iron troll bites you!!
* * * LOW HITPOINT WARNING * * *
The iron troll claws you but does no damage.
The iron troll misses you.
You barely miss the iron troll.
The iron troll is moderately wounded.
The iron troll is distracted by your dazzling golden aura.
The iron troll shouts!
You hit the iron troll but do no damage.
The iron troll is no longer distracted by gold.
The iron troll is moderately wounded.
You punch the iron troll!
The iron troll is heavily wounded.
The iron troll bites you!!
You die...
Your body crumbles into a pile of gold.

#_......._# #.........#
###.........###
#⌠...........⌠#
######.8.......).8.###
##∩___......###......._
###∩........8.# #.8...)..
##.............###........
#⌠......$h..###...###.....
#⌠.......T..# #.<.# #.....
#⌠..........###...###.....
##.............###...)....
###∩........8.# #.8......
##∩__.......###......__
######.8.......))8.###
#⌠...........⌠#
###.....)...###


You could see an iron troll.

Vanquished Creatures
  An arcanist (D)
  2 merfolk sirens (D)
  2 merfolk (D)
  A dream sheep (D)
  A wyvern (D)
  A basilisk (D)
  4 water moccasins (D)
  A centaur (D)
  An earth elemental (D)
  A bullfrog (D)
  2 scorpions (D)
  A killer bee (D)
  An iron imp (D)
  2 hell rats (D)
  5 giant cockroaches (D)
26 creatures vanquished.

Notes
Turn   | Place    | Note
-------+----------+-------------------------------------------
     0 | D        | rocky1 the Gnoll Shapeshifter began the quest for the Orb.
     0 | D        | Reached XP level 1. HP: 17/17 MP: 1/1
     5 | D        | Found a basalt altar of Yredelemnul.
     5 | D        | Found a corrupted altar of Lugonu.
     5 | D        | Round 1.
     6 | D        | Found a hide-covered altar of Uskayaw.
     6 | D        | Found an iron altar of Okawaru.
     7 | D        | Found Sakhof's Distillery.
     7 | D        | Found a sacrificial altar of Ru.
     7 | D        | Found a shadowy altar of Dithmenos.
     7 | D        | Found Jyosojog's Do-It-Yourself Clinic.
     8 | D        | Found Zefykom's Distillery.
     8 | D        | Found Ugheth's Bottled Wisdom.
     9 | D        | Found a stormy altar of Qazlal.
    10 | D        | Found Mejumace's Staff Store.
    11 | D        | Found a bloodstained altar of Trog.
    11 | D        | Found a snail-covered altar of Cheibriados.
    11 | D        | Found Paenetuv's Magic Scroll Shop.
    11 | D        | Found Rahym's Must-Have Magic.
    11 | D        | Found Zawiez's Magic Scroll Shop.
    14 | D        | Noticed a water moccasin
    15 | D        | Found a radiant altar of Vehumet.
    17 | D        | Killed a water moccasin
    18 | D        | Reached skill level 5 in Dodging
    18 | D        | Reached skill level 7 in Unarmed Combat
    18 | D        | Reached XP level 2. HP: 25/25 MP: 1/6
    18 | D        | Reached XP level 3. HP: 30/30 MP: 1/7
    18 | D        | Reached XP level 4. HP: 37/37 MP: 1/8
    18 | D        | Found a blossoming altar of Fedhas.
    19 | D        | Found an opulent altar of Gozag.
    21 | D        | Found Entav's Timeless Talismans.
    29 | D        | Found Zuangar's Jewellery.
    29 | D        | Found Emuset's Advanced Armour.
    30 | D        | Found a glowing golden altar of the Shining One.
    30 | D        | Found Ophu's Identification Station.
    30 | D        | Noticed a scorpion
    37 | D        | Reached XP level 5. HP: 40/43 MP: 3/10
    47 | D        | Noticed a water moccasin
    49 | D        | Killed a water moccasin
    50 | D        | Reached skill level 5 in Fighting
    50 | D        | Reached skill level 8 in Unarmed Combat
    50 | D        | Reached skill level 5 in Invocations
    50 | D        | Reached XP level 6. HP: 36/51 MP: 4/12
    77 | D        | Found an ornate altar of the Wu Jian Council.
    87 | D        | Noticed a water moccasin
    89 | D        | Became a worshipper of Gozag Ym Sagoz the Greedy
    98 | D        | Killed a water moccasin
    98 | D        | Arena points: 14 (+14) [x2]
    99 | D        | Reached skill level 5 in Short Blades
    99 | D        | Reached skill level 5 in Long Blades
    99 | D        | Reached skill level 5 in Axes
    99 | D        | Reached skill level 5 in Maces & Flails
    99 | D        | Reached skill level 5 in Polearms
    99 | D        | Reached skill level 5 in Staves
    99 | D        | Reached skill level 5 in Ranged Weapons
    99 | D        | Reached skill level 5 in Throwing
    99 | D        | Reached skill level 5 in Armour
    99 | D        | Reached skill level 5 in Stealth
    99 | D        | Reached skill level 5 in Shields
    99 | D        | Reached skill level 5 in Spellcasting
    99 | D        | Reached skill level 5 in Evocations
    99 | D        | Reached XP level 7. HP: 39/57 MP: 10/14
   157 | D        | Bought a brightly glowing sapphire amulet for 45 gold
                  | pieces
   157 | D        | Identified the amulet "Pais" {RegenMP rCorr} (You bought it
                  | in a shop in the Dungeon)
   157 | D        | Bought a bound ivory ring for 45 gold pieces
   157 | D        | Identified the ring "Muogrem" {rElec rF+ rC+++ MP+9 Int-5}
                  | (You bought it in a shop in the Dungeon)
   157 | D        | Bought a clouded turquoise ring for 45 gold pieces
   157 | D        | Identified the ring "Axkeet" {rF+ EV+5} (You bought it in a
                  | shop in the Dungeon)
   158 | D        | Round 2.
   181 | D        | Found an ancient bone altar of Kikubaaqudgha.
   183 | D        | Found a glowing silver altar of Zin.
   184 | D        | Found Paqa Lui's Premium Goods.
   185 | D        | Found a shimmering altar of Xom.
   185 | D        | Found a shimmering blue altar of Sif Muna.
   185 | D        | Found a burning altar of Makhleb.
   185 | D        | Found Ucraamm's Weapon Rack.
   185 | D        | Found Icly's Miscellaneous Merchandise.
   185 | D        | Found Kolih's Basic Armour.
   198 | D        | Bought a +0 troll leather armour for 180 gold pieces
   242 | D        | Arena points: 50 (+36) [x3]
   258 | D        | Bought 6 potions of attraction for 126 gold pieces
   274 | D        | Round 3.
   275 | D        | Noticed a basilisk
   293 | D        | Killed a basilisk
   302 | D        | Bought 4 potions of curing for 84 gold pieces
   302 | D        | Bought 3 potions of heal wounds for 105 gold pieces
   346 | D        | Noticed a dream sheep
   350 | D        | Reached skill level 9 in Unarmed Combat
   350 | D        | Reached skill level 5 in Conjurations
   350 | D        | Reached skill level 5 in Hexes
   350 | D        | Reached skill level 5 in Summonings
   350 | D        | Reached skill level 5 in Necromancy
   350 | D        | Reached skill level 5 in Translocations
   350 | D        | Reached skill level 5 in Transmutations
   350 | D        | Reached skill level 5 in Fire Magic
   350 | D        | Reached skill level 5 in Ice Magic
   350 | D        | Reached skill level 5 in Air Magic
   350 | D        | Reached skill level 5 in Earth Magic
   350 | D        | Reached skill level 5 in Poison Magic
   361 | D        | Killed a dream sheep
   361 | D        | Arena points: 134 (+84) [x4]
   362 | D        | Reached XP level 8. HP: 59/65 MP: 17/17
   376 | D        | Upgraded the game from 0.31-a0-925-g0a390f2509 to
                  | 0.31-a0-931-g7b59d4eb97
   418 | D        | Round 4.
   462 | D        | Noticed a wyvern
   468 | D        | Killed a wyvern
   489 | D        | Noticed a merfolk
   499 | D        | Killed a merfolk
   529 | D        | Bought 2 potions of experience for 600 gold pieces
   529 | D        | Reached XP level 9. HP: 74/74 MP: 20/20
   530 | D        | Reached skill level 10 in Unarmed Combat
   530 | D        | Reached XP level 10. HP: 80/80 MP: 21/21
   534 | D        | Noticed a merfolk siren
   535 | D        | Noticed a merfolk siren
   557 | D        | Killed a merfolk siren
   558 | D        | Reached skill level 10 in Shapeshifting
   564 | D        | Killed a merfolk siren
   575 | D        | Arena points: 274 (+140) [x5]
   594 | D        | Round 5.
   605 | D        | Noticed a witch
   621 | D        | Killed a witch
   621 | D        | Arena points: 519 (+245) [x7]
   622 | D        | Reached skill level 10 in Dodging
   622 | D        | Reached skill level 11 in Unarmed Combat
   622 | D        | Reached XP level 11. HP: 89/89 MP: 23/23
   626 | D        | Got a decaying rune of Zot
   627 | D        | Reached XP level 12. HP: 96/96 MP: 25/25
   645 | D        | Bought a granite talisman for 560 gold pieces
   676 | D        | Bought a book of Blasting for 196 gold pieces
   681 | D        | Learned a level 4 spell: Iskenderun's Mystic Blast
   775 | D        | Round 6.
   791 | D        | Reached skill level 10 in Invocations
   863 | D        | Noticed an iron troll
   895 | D        | Mangled by an iron troll

Illustrated notes

Levels and vault maps discovered:
D:        arena_sprint

Skill      XL: |  1  2  3  4  5  6  7  8  9 10 11 12 |
---------------+-------------------------------------+-----
Fighting       | 4 5 6 7 8 9 |  9.5
Short Blades   | 3 4 5 6 7 8 9 |  9.1
Long Blades    | 3 4 5 6 7 8 9 |  9.1
Axes           | 3 4 5 6 7 8 9 |  9.1
Maces & Flails | 3 4 5 6 7 8 9 |  9.1
Polearms       | 3 4 5 6 7 8 9 |  9.1
Staves         | 3 4 5 6 7 8 9 |  9.1
Ranged Weapons | 3 4 5 6 7 8 9 |  9.1
Throwing       | 3 4 5 6 7 8 9 |  9.1
Armour         | 3 4 5 6 7 8 9 |  9.1
Dodging        | 5 6 7 8 9 10 | 10.3
Stealth        | 3 4 5 6 7 8 9 |  9.1
Shields        | 3 4 5 6 7 8 9 |  9.1
Unarmed Combat | 7 8 9 10 11 | 11.2
Spellcasting   | 3 4 5 6 7 8 9 |  9.1
Conjurations   | 2 3 4 5 6 7 |  7.6
Hexes          | 2 3 4 5 6 7 |  7.6
Summonings     | 2 3 4 5 6 7 |  7.6
Necromancy     | 2 3 4 5 6 7 |  7.6
Translocations | 2 3 4 5 6 7 |  7.6
Transmutations | 2 3 4 5 6 7 |  7.6
Fire Magic     | 2 3 4 5 6 7 |  7.6
Ice Magic      | 2 3 4 5 6 7 |  7.6
Air Magic      | 2 3 4 5 6 7 |  7.6
Earth Magic    | 2 3 4 5 6 7 |  7.6
Poison Magic   | 2 3 4 5 6 7 |  7.6
Invocations    | 3 5 7 8 9 10 | 10.0
Evocations     | 3 4 5 6 7 8 9 |  9.1
Shapeshifting  | 7 8 9 10 | 10.6

Action                     |  1- 3 |  4- 6 |  7- 9 | 10-12 || total
---------------------------+-------+-------+-------+-------++-------
  Melee: Unarmed           |       |    14 |    53 |    64 ||   131
         Bite              |       |     2 |    10 |    14 ||    26
         Punch             |       |     1 |     3 |    13 ||    17
  Evoke: Wand              |     2 |     6 |     1 |       ||     9
    Use: Potion            |       |     2 |     5 |     5 ||    12
         Scroll            |       |       |       |     1 ||     1
   Stab: Distracted        |       |     1 |     2 |     1 ||     4
 Armour: Animal skin       |       |    14 |     1 |       ||    15
         Troll leather arm |       |       |    18 |    35 ||    53
  Dodge: Dodged            |       |     7 |    33 |    46 ||    86

Table legend: (Time is in decaauts)
 A = Elapsed time spent in this place.
 B = Non-inter-level travel time spent in this place.
 C = Inter-level travel time spent in this place.
 D = Time resting spent in this place.
 E = Time spent auto-exploring this place.
 F = Levels seen in this place.
 G = Mean time per level.
                   A        B        C        D        E       F      G
               +--------+--------+--------+--------+--------+-----+--------+
         Total |    879 |    879 |      0 |    208 |     60 |   1 |  879.0 |
       Dungeon |    879 |    879 |      0 |    208 |     60 |   1 |  879.0 |
               +--------+--------+--------+--------+--------+-----+--------+

Top non-repeatable levels by time:
       D: 879 daAuts
